 Dungeon Crawl Stone Soup version 0.29.1-12-g30fa7ad0bf (webtiles) character file.

Game seed: 3474197374200230527

2282 melloss the Covert (level 9, -6/44 HPs)
             Began as a Spriggan Enchanter on Dec 26, 2022.
             Was an Initiate of Makhleb.
             Shot with an arrow by a centaur (10 damage)
             ... on level 7 of the Dungeon.
             The game lasted 00:31:39 (9461 turns).

melloss the Covert (Spriggan Enchanter)             Turns: 9461, Time: 00:31:40

Health: -6/44      AC:  2    Str: 10    XL:     9   Next: 16%
Magic:  15/16      EV: 24    Int: 17    God:    Makhleb [......]
Gold:   384        SH:  0    Dex: 22    Spells: 11/16 levels left

rFire   . . .      SeeInvis +   k - +6 short sword of Dust {flame, rF+ Dex+3}
rCold   + . .      Faith    .   (no shield)
rNeg    + . .      Spirit   .   L - +0 robe {rN+}
rPois   .          Reflect  .   (helmet restricted)
rElec   .          Harm     .   (no cloak)
rCorr   .          Rampage  .   (gloves unavailable)
Will    +....                   (boots unavailable)
Stlth   +++++.....              (no amulet)
HPRegen 0.14/turn               z - ring of ice
MPRegen 0.15/turn               f - +6 ring of strength

@: invisible (expiring), very quick
A: very small, no large weapons, unfitting armour, see invisible, speed 3
a: Renounce Religion


You were on level 7 of the Dungeon.
You worshipped Makhleb.
Makhleb was noncommittal.
You visited 2 branches of the dungeon, and saw 8 of its levels.

You collected 384 gold pieces.

Inventory:

Hand Weapons
 a - a +1 dagger
 k - the +6 short sword of Dust (weapon) {flame, rF+ Dex+3}
   (You found it on level 2 of the Dungeon)

   It burns those it strikes, dealing additional fire damage.
   Dex:       It affects your dexterity (+3).
   rF:        It protects you from fire.
 x - a +2 short sword of speed
 B - a +0 rapier
 G - a +3 vorpal spear
 K - a +0 short sword of venom
 N - a +4 long sword
Missiles
 n - 18 poisoned darts (quivered)
 y - a throwing net
Armour
 b - a +0 robe
 L - a +0 robe of positive energy (worn)
Jewellery
 f - a +6 ring of strength (right hand)
 z - a ring of ice (left hand)
Wands
 s - a wand of iceblast (21)
 u - a wand of acid (8)
 C - a wand of charming (12)
 O - a wand of flame (16)
Scrolls
 e - a scroll of fear {unknown}
 h - 2 scrolls of butterflies {unknown}
 l - 2 scrolls of poison {unknown}
 m - 4 scrolls of teleportation {unknown}
 p - a scroll of magic mapping {unknown}
 q - 3 scrolls of summoning {unknown}
 r - 2 scrolls of enchant weapon {unknown}
 t - a scroll of brand weapon {unknown}
 v - a scroll of blinking {unknown}
 F - 2 scrolls of identify {unknown}
 H - 2 scrolls of immolation {unknown}
 J - 3 scrolls of vulnerability {unknown}
Potions
 d - 2 potions of cancellation {unknown}
 g - a potion of degeneration {unknown}
 i - a potion of resistance {unknown}
 j - 3 potions of ambrosia {unknown}
 o - 2 potions of curing
 w - 2 potions of flight {unknown}
 A - a potion of attraction {unknown}
 D - a potion of lignification {unknown}
 E - 3 potions of might {unknown}
 I - 2 potions of heal wounds {unknown}
 M - a potion of haste {unknown}


   Skills:
 - Level 3.0 Fighting
 + Level 6.1 Short Blades
 - Level 8.0 Dodging
 + Level 9.5 Stealth
 - Level 4.0 Spellcasting
 - Level 8.0 Hexes


You had 11 spell levels left.
You knew the following spells:

 Your Spells              Type           Power      Damage    Failure   Level
a - Ensorcelled Hibernat  Hex/Ice        50%        N/A       4%          2
b - Confusing Touch       Hex            30%        N/A       1%          3

Your spell library contained the following spells:

 Spells                   Type           Power      Damage    Failure   Level
 Tukima's Dance           Hex            30%        N/A       1%          3
 Cause Fear               Hex            15%        N/A       6%          4
 Dazzling Flash           Conj/Hex       34%        N/A       9%          3
 Inner Flame              Hex/Fire       17%        N/A       9%          3
 Anguish                  Hex/Necr       8%         N/A       30%         4
 Spider Form              Tmut/Pois      3%         N/A       43%         3
 Discord                  Hex            15%        N/A       100%        8


Dungeon Overview and Level Annotations

Branches:
Dungeon (7/15)             Temple (1/1) D:7

Altars:
Ashenzari
Cheibriados
Dithmenos
Elyvilon
Fedhas
Gozag
Hepliaklqana
Makhleb
Okawaru
Qazlal
Sif Muna
Trog
Uskayaw
Wu Jian
Xom
Yredelemnul
Zin
The Shining One

Shops:
D:3 =   D:4 :


Innate Abilities, Weirdness & Mutations

You are very small and have problems with some larger weapons.
You are too small for most types of armour.
You have supernaturally acute eyesight. (SInv)
You cover ground extremely quickly. (Speed+++)


Message History

Casting: Confusing Touch (safe; 1% risk of failure)
Confirm with . or Enter, or press ? or * to list all spells.
Your hands begin to glow red.
You feel sick.
The water moccasin bites you but does no damage.
The water moccasin bites you.
You barely miss the water moccasin.
The water moccasin is heavily wounded.
You feel sick. The water moccasin bites you!
* * * LOW HITPOINT WARNING * * *
You closely miss the water moccasin.
The water moccasin is heavily wounded.
You feel sick. The water moccasin bites you.
* * * LOW HITPOINT WARNING * * *
You feel sick.
You feel better.
The water moccasin completely misses you.
Casting: Confusing Touch (safe; 1% risk of failure)
Confirm with . or Enter, or press ? or * to list all spells.
Your hands begin to glow brighter.
You closely miss the water moccasin.
The water moccasin is heavily wounded.
The water moccasin completely misses you.
A centaur comes into view.
The centaur shouts!
The centaur wields a +1 shortbow of freezing.
It is covered in frost.
The centaur shoots an arrow.
The arrow hits you!
* * * LOW HITPOINT WARNING * * *
The centaur shoots an arrow.
The arrow hits you.
* * * LOW HITPOINT WARNING * * *
The arrow freezes you.
* * * LOW HITPOINT WARNING * * *
You fade into invisibility!
The centaur shoots an arrow.
The centaur shoots an arrow.
Your hands stop glowing.
You flicker for a moment.
The centaur shoots an arrow.
The arrow completely misses you.
There is a stone staircase leading up here.
The centaur shoots an arrow.
The arrow hits you!
You die...

# #..)..)............
##...# #
######.............
.... # #......#...#.#.#
#..# # ####...#.#.#.#.#
.#####..# #
#...#...#.#.# .........
#
#.#..##.#.#.#.##.......
#.#.....#.#.# .........
##.###.#.#.#.# #.......
........@.#.#.#
#.......
.#####.#....#.##
#....S..
#.#..#..(.###.......
#.#..#.#....#.......
..#..#....c.c.......
###..#[.....[###.##.
##..#.......# #..#.
#..)..####### ##...
#.[...# ##..


You could see a centaur (unable to see you).

Vanquished Creatures
  2 sky beasts
  A black bear (D:7)
  An ogre (D:5)
  A centaur (D:6)
  A phantom (D:5)
  A kobold brigand (D:6)
  A gnoll sergeant (D:5)
  10 wights
  A water moccasin zombie (D:5)
  A howler monkey (D:4)
  A vampire bat (D:5)
  A bullfrog zombie (D:5)
  A gnoll bouda (D:5)
  A hound (D:6)
  A jelly (D:6)
  Ijyb (D:3)
  3 orc priests
  3 iguanas
  6 orc wizards
  2 scorpion zombies (D:5)
  2 hound skeletons (D:5)
  Robin (D:2)
  14 gnolls
  10 adders
  2 shadow imps (D:5)
  3 ufetubi
  An adder skeleton (D:5)
  2 worms (D:4)
  3 fire bats (D:5)
  17 orcs
  2 spectral bats (D:5)
  4 ball pythons
  14 bats
  3 bat skeletons (D:5)
  A bat zombie (D:5)
  8 endoplasms
  3 giant cockroaches
  21 goblins
  12 hobgoblins
  7 jackals
  11 kobolds
  A quokka (D:1)
  A bat simulacrum (D:5)
  A frilled lizard (D:1)
  5 rats
189 creatures vanquished.

Vanquished Creatures (others)
  A withered plant (D:5)
1 creature vanquished.

Grand Total: 190 creatures vanquished

Notes
Turn   | Place    | Note
-------+----------+-------------------------------------------
     0 | D:1      | melloss the Spriggan Enchanter began the quest for the Orb.
     0 | D:1      | Reached XP level 1. HP: 9/9 MP: 5/5
   114 | D:1      | Reached skill level 5 in Stealth
   114 | D:1      | Reached XP level 2. HP: 11/13 MP: 6/6
   117 | D:1      | Learned a level 2 spell: Ensorcelled Hibernation
   239 | D:1      | Found a faded altar of an unknown god.
   415 | D:1      | Reached XP level 3. HP: 12/16 MP: 2/8
   928 | D:2      | Identified the +6 short sword of Dust {flame, rF+ Dex+3}
   932 | D:2      | Noticed Robin
  1206 | D:2      | Reached skill level 6 in Stealth
  1346 | D:2      | Killed Robin
  1347 | D:2      | Reached XP level 4. HP: 17/21 MP: 9/9
  2046 | D:3      | Noticed Ijyb
  2051 | D:3      | Killed Ijyb
  2052 | D:3      | Reached skill level 7 in Stealth
  2052 | D:3      | Reached XP level 5. HP: 23/24 MP: 10/10
  2718 | D:3      | Found Ijoawn's Jewellery Shop.
  2944 | D:4      | Reached skill level 8 in Stealth
  3113 | D:4      | Found Qaemmeel's Book Shoppe.
  3152 | D:4      | Reached XP level 6. HP: 24/28 MP: 11/11
  3173 | D:4      | Found a bloodstained altar of Trog.
  3573 | D:4      | Reached skill level 5 in Short Blades
  3984 | D:4      | Identified the +1 ring mail "Icaokkyv" {rC+ rN+++ Int+4
                  | Stlth-}
  4230 | D:5      | Entered Level 5 of the Dungeon
  4400 | D:5      | Reached skill level 5 in Hexes
  4716 | D:4      | Learned a level 3 spell: Confusing Touch
  5007 | D:5      | Reached XP level 7. HP: 32/32 MP: 14/14
  5847 | D:5      | Found an ornate altar of the Wu Jian Council.
  6659 | D:5      | Reached skill level 1 in Fighting
  6659 | D:5      | Reached XP level 8. HP: 17/37 MP: 13/15
  7355 | D:6      | Reached skill level 5 in Dodging
  7544 | D:6      | Found a broken altar of Ashenzari.
  8539 | D:6      | Found a blossoming altar of Fedhas.
  9057 | D:7      | Reached XP level 9. HP: 28/43 MP: 12/16
  9113 | D:7      | Reached skill level 9 in Stealth
  9283 | D:7      | Found a staircase to the Ecumenical Temple.
  9301 | Temple   | Entered the Ecumenical Temple
  9373 | Temple   | Became a worshipper of Makhleb the Destroyer
  9435 | D:7      | HP: 2/44 [centaur/arrow (1)]
  9461 | D:7      | Shot with an arrow by a centaur

Illustrated notes

Levels and vault maps discovered:
D:1:      lightli_arrival_maybe_door_vault, layout_basic,
          ebering_ecumenical_altar_petrified
D:2:      layout_rooms, uniq_robin
D:3:      layout_rooms, serial_shops, shop_fountains, guppyfry_early_orc_mine,
          uniq_ijyb
D:4:      layout_loops_corners, nicolae_overflow_crystal_walls, serial_shops,
          nicolae_shop_advertising_works [nicolae_subvault_shop_adworks]
D:5:      layout_basic, nzn_wu_jian_council_hall,
          lightli_ossuary_entry_decrepit_ruins, portal_sewer_entry_d,
          serial_undead, serial_undead_d, serial_undead_e, serial_undead_c,
          serial_undead_a, hangedman_decor_push, hangedman_decor_riveting,
          goddamned_bats
D:6:      layout_loops_ring, fedhas_altar_4, evilmike_ruin_ashenzari,
          ldierk_geyser, minmay_fractal_squares_gapless_5
D:7:      layout_basic, mainiacjoe_overflow_brackets,
          minmay_temple_entry_statues_pillars
Temple:   eino_temple_lava

Skill      XL: |  1  2  3  4  5  6  7  8  9 |
---------------+----------------------------+-----
Stealth        | 5 6 7 8 9 |  9.5
Short Blades   | 2 3 4 5 6 |  6.1
Spellcasting   | 4 |  4.0
Hexes          | 5 8 |  8.0
Dodging        | 3 8 |  8.0
Fighting       | 1 3 |  3.0

Action                   |  1- 3 |  4- 6 |  7- 9 || total
-------------------------+-------+-------+-------++-------
Melee: Dagger            |    26 |       |       ||    26
       Short sword       |    35 |   155 |   183 ||   373
       Punch             |       |       |     2 ||     2
Throw: Dart              |       |     2 |     5 ||     7
 Cast: Ensorcelled Hiber |     7 |    17 |    21 ||    45
       Confusing Touch   |       |       |    16 ||    16
  Use: Potion            |       |       |     4 ||     4
       Scroll            |       |       |     1 ||     1
 Stab: Sleeping          |    14 |    19 |    31 ||    64
       Distracted        |     1 |       |     1 ||     2
       Confused          |       |       |     7 ||     7
Armor: Robe              |     7 |    10 |     9 ||    26
Dodge: Dodged            |    40 |   138 |   135 ||   313
